 Dungeon Crawl Stone Soup version 0.21.1-1-g345015f (webtiles) character file.

9 tidbits the Grave Robber (level 2, -5/20 HPs)
             Began as a Gnoll Necromancer on June 26, 2018.
             Slain by a worm (8 damage)
             ... on level 2 of the Dungeon.
             The game lasted 00:01:21 (146 turns).

tidbits the Grave Robber (Gnoll Necromancer)         Turns: 146, Time: 00:01:21

Health: -5/20      AC:  2    Str: 10    XL:     2   Next: 16%
Magic:  5/7        EV: 14    Int: 17    God:
Gold:   12         SH:  0    Dex: 15    Spells: 8/10 levels left

rFire    . . .     SeeInvis .   i - +0 rapier
rCold    . . .     Gourm    .   (no shield)
rNeg     . . .     Faith    .   a - +0 robe
rPois    .         Spirit   .   (no helmet)
rElec    .         Reflect  .   (no cloak)
rCorr    .         Harm     .   (no gloves)
MR       .....                  (no boots)
Stlth    +++.......             (no amulet)
HPRegen  0.06/turn              (no ring)
MPRegen  0.10/turn              (no ring)

@: no status effects
A: distributed training, fangs 1, strong nose
a: no special abilities


You were on level 2 of the Dungeon.
You were not hungry.

You visited 1 branch of the dungeon, and saw 2 of its levels.

You collected 12 gold pieces.

Inventory:

Hand Weapons
 g - a +0 club
 i - a +0 rapier (weapon)
Armour
 a - a +0 robe (worn)
Scrolls
 d - a scroll of immolation {unknown}
 e - 3 scrolls of identify {unknown}
 j - a scroll of fog {unknown}
 k - a scroll of noise {unknown}
Potions
 f - 2 potions of curing {unknown}
 h - a potion of invisibility {unknown}
Books
 b - a book of Necromancy

   Spells                             Type                      Level
   a - Pain                           Necromancy                   1
   b - Animate Skeleton               Necromancy                   1
   c - Vampiric Draining              Necromancy                   3
   d - Regeneration                   Charms/Necromancy            3
   e - Animate Dead                   Necromancy                   4
   f - Borgnjor's Vile Clutch         Necromancy/Earth             5
Comestibles
 c - 2 rations


   Skills:
 + Level 0.3 Fighting
 + Level 0.3 Short Blades
 + Level 0.3 Long Blades
 + Level 0.3 Axes
 + Level 0.3 Maces & Flails
 + Level 0.3 Polearms
 + Level 0.3 Staves
 + Level 0.3 Slings
 + Level 0.3 Bows
 + Level 0.3 Crossbows
 + Level 0.3 Throwing
 + Level 0.3 Armour
 + Level 4.4 Dodging
 + Level 4.0 Stealth
 + Level 0.3 Shields
 + Level 0.3 Unarmed Combat
 + Level 4.9 Spellcasting
 + Level 0.2 Conjurations
 + Level 0.2 Hexes
 + Level 0.2 Charms
 + Level 0.2 Summonings
 + Level 7.0 Necromancy
 + Level 0.2 Translocations
 + Level 0.2 Transmutations
 + Level 0.2 Fire Magic
 + Level 0.2 Ice Magic
 + Level 0.2 Air Magic
 + Level 0.2 Earth Magic
 + Level 0.2 Poison Magic
 + Level 0.4 Invocations
 + Level 0.3 Evocations


You had 8 spell levels left.
You knew the following spells:

 Your Spells              Type           Power        Failure   Level  Hunger
a - Pain                  Necr           ####         1%          1    None
n - Animate Skeleton      Necr           N/A          1%          1    None


Dungeon Overview and Level Annotations

Branches:
Dungeon (2/15)

Altars:


Innate Abilities, Weirdness & Mutations

Your experience applies equally to all skills.
You have very sharp teeth.
Your uncanny sense of smell can sniff out nearby items.


Message History

The kobold throws a stone.
The stone closely misses you.
Things that are here:
a stone; a goblin corpse
Casting: Pain
Confirm with . or Enter, or press ? or * to list all spells.
Aiming: Pain
Press: ? - help, Shift-Dir - straight line, f - kobold
Aim: a kobold (chance to defeat MR: 93%)
The kobold writhes in agony!
You kill the kobold!
You have reached level 2!
Memorise Animate Skeleton, consuming 1 spell level and leaving 8?
You start memorising the spell.
You continue memorising.
You finish memorising.
Spell assigned to 'n'.
You see here 2 murky orange potions.
Casting: Pain
Confirm with . or Enter, or press ? or * to list all spells.
Aiming: Pain
Press: ? - help, Shift-Dir - straight line, f - hobgoblin
Aim: a hobgoblin (hasn't noticed you, chance to defeat MR: 93%)
The hobgoblin shouts!
The hobgoblin writhes in agony!
Casting: Pain
Confirm with . or Enter, or press ? or * to list all spells.
Aiming: Pain
Press: ? - help, Shift-Dir - straight line, f/p - hobgoblin
Aim: a hobgoblin (almost dead, chance to defeat MR: 93%)
The hobgoblin writhes in agony!
You kill the hobgoblin!
f - 2 murky orange potions
Things that are here:
a stone; a goblin corpse You see here a club.
g - a club Wield which item (- for none, * to show all)? (? for menu, Esc to quit)
g - a +0 club (weapon)
Found a club.
Found an emerald potion.
You see here an emerald potion.
h - an emerald potion
Found a stone staircase leading down.
There is a stone staircase leading down here.
You climb downwards.
Found a scale mail.
There is a stone staircase leading up here.
Unknown command.
Found a scroll labeled DAPRUZ XUDY.
Found a scroll labeled DOC LEDWIHEAG.
A rat comes into view.
Unknown command.
Things that are here:
a scroll labeled DAPRUZ XUDY; a rapier
Casting: Pain
Confirm with . or Enter, or press ? or * to list all spells.
Aiming: Pain
Press: ? - help, Shift-Dir - straight line, f - rat
Aim: a rat (hasn't noticed you, chance to defeat MR: 93%)
The rat barely resists.
Casting: Pain
Confirm with . or Enter, or press ? or * to list all spells.
Aiming: Pain
Press: ? - help, Shift-Dir - straight line, f/p - rat
Aim: a rat (chance to defeat MR: 93%)
The rat writhes in agony!
Casting: Pain
Confirm with . or Enter, or press ? or * to list all spells.
Aiming: Pain
Press: ? - help, Shift-Dir - straight line, f/p - rat
Aim: a rat (heavily wounded, chance to defeat MR: 93%)
The rat writhes in agony!
You kill the rat!
i - a rapier;
j - a scroll labeled DAPRUZ XUDY A bat comes into view.
Wield which item (- for none, * to show all)? (? for menu, Esc to quit)
i - a +0 rapier (weapon)
You see here a scroll labeled DOC LEDWIHEAG.
k - a scroll labeled DOC LEDWIHEAG The bat hits you but does no damage.
You barely miss the bat. The bat barely misses you.
The bat hits you but does no damage. The bat closely misses you.
The bat completely misses you.
You miss the bat. The bat hits you but does no damage.
Casting: Pain
Confirm with . or Enter, or press ? or * to list all spells.
Aiming: Pain
Press: ? - help, Shift-Dir - straight line, f - bat
Aim: a bat (chance to defeat MR: 93%)
The bat writhes in agony!
You kill the bat! 2 leopard geckos come into view.
A leopard gecko comes into view.
A worm comes into view.
Found 12 gold pieces and a scroll labeled WYMAONEIRCHA.
The leopard gecko hisses angrily. x2
A frilled lizard comes into view.
You see here 12 gold pieces.
You barely miss the worm. The worm bites you!
* * * LOW HITPOINT WARNING * * *
You now have 12 gold pieces.
The worm bites you!
You die...

.# .## ..## # .## ...##
#. ..## ....# #. .....
...#.##### #?. ....#
..###....# #.# ..l.#
.###.###.# #w###.....
#.#.# #.# #@..# .#
#...####.########l##...l
..#................l.....
†...#########............
...## #####.##..l.. ...#
#.......# .### #########
#


You could see a worm, 3 leopard geckos and a frilled lizard.

Vanquished Creatures
  2 goblins (D:1)
  3 hobgoblins (D:1)
  A kobold (D:1)
  A bat (D:2)
  A rat (D:2)
8 creatures vanquished.

Notes
Turn   | Place    | Note
-------+----------+-------------------------------------------
     0 | D:1      | tidbits the Gnoll Necromancer began the quest for the Orb.
     0 | D:1      | Reached XP level 1. HP: 13/13 MP: 6/6
    55 | D:1      | Reached XP level 2. HP: 13/19 MP: 2/7
    58 | D:1      | Learned a level 1 spell: Animate Skeleton
   146 | D:2      | Slain by a worm

Action                   || total
-------------------------++-------
Melee: Unarmed           ||     1
       Rapier            ||     3
 Cast: Pain              ||    13
Armor: Robe              ||     3
Dodge: Dodged            ||     6

Table legend:
 A = Turns spent in this place as a percentage of turns spent in the entire game.
 B = Non-inter-level travel turns spent in this place as a percentage of non-inter-level travel turns spent in the entire game.
 C = Inter-level travel turns spent in this place as a percentage of turns spent in this place.
 D = Turns resting spent in this place as a percentage of non-inter-level travel turns spent in this place.
 E = Turns spent auto-exploring this place as a percentage of non-inter-level travel turns spent in this place.
 F = Non-inter-level travel turns spent in this place divided by the number of levels of this place that you've seen.
                   A       B       C       D       E      F
               +-------+-------+-------+-------+-------+----------------------
         Total | 100.0 | 100.0 |   0.0 |   0.0 |   0.0 |  73.0
       Dungeon | 100.0 | 100.0 |   0.0 |   0.0 |   0.0 |  73.0
               +-------+-------+-------+-------+-------+----------------------

Table legend:
 A = Kills in this place as a percentage of kills in entire the game.
 B = Kills by you in this place as a percentage of kills by you in the entire game.
 C = Kills by friends in this place as a percentage of kills by friends in the entire game.
 D = Other kills in this place as a percentage of other kills in the entire game.
 E = Experience gained in this place as a percentage of experience gained in the entire game.
 F = Experience gained in this place divided by the number of levels of this place that you have seen.
                   A       B       C       D       E      F
               +-------+-------+-------+-------+-------+----------------------
         Total | 100.0 | 100.0 |   N/A |   N/A | 100.0 |   7.0
       Dungeon | 100.0 | 100.0 |   N/A |   N/A | 100.0 |   7.0
               +-------+-------+-------+-------+-------+----------------------

Vault maps used:
D:1:      minmay_arrival_arboretum_small
D:2:      feat_on_display
